| TOP OF THE 1ST |
|
Greenville Drive batting - Pitching for Kannapolis Intimidators : RHP Matt Voulgaris
|
|
Pitching: RHP Matt Voulgaris
|
|
|
Batting: RHB Tony Nunez
|
0-0: Foul Ball, location: 2F 0-1: Swinging Strike 0-2: Ground out 5-3 (Groundball, 56, EV 80.6 MPH)
|
|
Batting: SHB Robert Soto
|
0-0: Called Strike 0-1: Foul Ball, location: 2F 0-2: Foul Ball, location: 2F 0-2: Foul Ball, location: 2F 0-2: Strikes out swinging
|
|
Batting: LHB Carlos Guerra
|
0-0: Reached on error, E5 (Groundball, 56, EV 88.8 MPH)
|
|
Batting: RHB Jim Hubbard
|
0-0: Ball Carlos Guerra is caught stealing 2nd base 2-4
|
| Top of the 1st over - 0 runs, 0 hits, 1 error, 0 left on base; Greenville 0 - Kannapolis 0 |
| BOTTOM OF THE 1ST |
|
Kannapolis Intimidators batting - Pitching for Greenville Drive : RHP Teruhiko Ushijima
|
|
Pitching: RHP Teruhiko Ushijima
|
|
|
Batting: RHB Tatsunori Hayakawa
|
0-0: Called Strike 0-1: Swinging Strike 0-2: Ball 1-2: Strikes out looking
|
|
Batting: RHB Mike Warzecha
|
0-0: Called Strike 0-1: Ball 1-1: Ball 2-1: Ground out U3 (Groundball, 3, EV 101.2 MPH)
|
|
Batting: RHB Mark Jones
|
0-0: Fly out, F9 (Flyball, 9, EV 85.0 MPH)
|
| Bottom of the 1st over - 0 runs, 0 hits, 0 errors, 0 left on base; Greenville 0 - Kannapolis 0 |
| TOP OF THE 2ND |
|
Greenville Drive batting - Pitching for Kannapolis Intimidators : RHP Matt Voulgaris
|
|
Batting: RHB Jim Hubbard
|
0-0: Ball 1-0: Called Strike 1-1: Ball 2-1: Foul Ball, location: 2F 2-2: Fly out, F8 (Flyball, 8RM, EV 90.0 MPH)
|
|
Batting: LHB Eddie Contreras
|
0-0: Called Strike 0-1: Ball 1-1: Ball 2-1: Foul Ball, location: 2F 2-2: Ball 3-2: Strikes out swinging
|
|
Batting: RHB Alex Cardenas
|
0-0: Foul Ball, location: 2F 0-1: Fly out, F8 (Line Drive, 89M, EV 95.0 MPH)
|
| Top of the 2nd over - 0 runs, 0 hits, 0 errors, 0 left on base; Greenville 0 - Kannapolis 0 |
| BOTTOM OF THE 2ND |
|
Kannapolis Intimidators batting - Pitching for Greenville Drive : RHP Teruhiko Ushijima
|
|
Batting: LHB Herkko Haavikko
|
0-0: Foul Ball, location: 2F 0-1: Ball 1-1: Ball 2-1: Swinging Strike 2-2: Fly out, F8 (Flyball, 8RS, EV 90.6 MPH)
|
|
Batting: RHB Nick Kleckner
|
0-0: Swinging Strike 0-1: Ball 1-1: Swinging Strike 1-2: Strikes out swinging
|
|
Batting: RHB Armando Vazquez
|
0-0: Called Strike 0-1: SINGLE (Groundball, 56D, EV 106.2 MPH)
|
|
Batting: SHB Jose Castillo
|
0-0: Fly out, F5 (Popup, 25F, EV 85.0 MPH)
|
| Bottom of the 2nd over - 0 runs, 1 hit, 0 errors, 1 left on base; Greenville 0 - Kannapolis 0 |
| TOP OF THE 3RD |
|
Greenville Drive batting - Pitching for Kannapolis Intimidators : RHP Matt Voulgaris
|
|
Batting: RHB Bobby Schimke
|
0-0: Bunt for hit to 3S - play at first, batter OUT! 3-4
|
|
Batting: RHB Ted Emmerich
|
0-0: Foul Ball, location: 2F 0-1: Ball 1-1: Swinging Strike 1-2: Strikes out swinging
|
|
Batting: RHB Roger Mitchell
|
0-0: Foul Ball, location: 2F 0-1: Ball 1-1: Ground out 5-3 (Groundball, 5, EV 101.2 MPH)
|
| Top of the 3rd over - 0 runs, 0 hits, 0 errors, 0 left on base; Greenville 0 - Kannapolis 0 |
| BOTTOM OF THE 3RD |
|
Kannapolis Intimidators batting - Pitching for Greenville Drive : RHP Teruhiko Ushijima
|
|
Batting: RHB Jose Marquez
|
0-0: SINGLE (Groundball, 6MD, EV 101.9 MPH)
|
|
Batting: RHB Dunlang Clark
|
0-0: Ball 1-0: Called Strike 1-1: Fly out, F8 (Flyball, 78M, EV 84.4 MPH)
|
|
Batting: RHB Tatsunori Hayakawa
|
0-0: Ball 1-0: Ball 2-0: Grounds into double play, 4-6-3 (Groundball, 4, EV 90.0 MPH)
|
| Bottom of the 3rd over - 0 runs, 1 hit, 0 errors, 0 left on base; Greenville 0 - Kannapolis 0 |
| TOP OF THE 4TH |
|
Greenville Drive batting - Pitching for Kannapolis Intimidators : RHP Matt Voulgaris
|
|
Batting: RHB Tony Nunez
|
0-0: Called Strike 0-1: Ball 1-1: Foul Ball, location: 2F 1-2: Strikes out looking
|
|
Batting: SHB Robert Soto
|
0-0: Ball 1-0: Called Strike 1-1: Called Strike 1-2: DOUBLE (Groundball, 3L, EV 100.6 MPH)
|
|
Batting: LHB Carlos Guerra
|
0-0: Called Strike 0-1: Called Strike 0-2: Strikes out looking
|
|
Batting: RHB Jim Hubbard
|
0-0: Swinging Strike 0-1: Foul Ball, location: 2F 0-2: SINGLE (Groundball, 6MD, EV 99.4 MPH) Robert Soto to third Runner from 3rd tries for Home, SAFE, throw by CF to home
|
|
Batting: LHB Eddie Contreras
|
0-0: Ball 1-0: Foul Ball, location: 2F 1-1: Ball 2-1: Ground out 4-3 (Groundball, 4, EV 96.2 MPH)
|
| Top of the 4th over - 1 run, 2 hits, 0 errors, 1 left on base; Greenville 1 - Kannapolis 0 |
| BOTTOM OF THE 4TH |
|
Kannapolis Intimidators batting - Pitching for Greenville Drive : RHP Teruhiko Ushijima
|
|
Batting: RHB Mike Warzecha
|
0-0: Fly out, F6 (Line Drive, 6, EV 63.8 MPH)
|
|
Batting: RHB Mark Jones
|
0-0: Foul Ball, location: 2F 0-1: Called Strike 0-2: Foul Ball, location: 2F 0-2: SINGLE (Groundball, 4D, EV 96.2 MPH)
|
|
Batting: LHB Herkko Haavikko
|
0-0: SINGLE (Line Drive, 89S, EV 87.5 MPH) Mark Jones to second Runner from 2nd tries for 3rd, SAFE, no throw by RF
|
|
Batting: RHB Nick Kleckner
|
0-0: Ball 1-0: Called Strike 1-1: Called Strike 1-2: Foul Ball, location: 2F 1-2: Grounds into double play, 4-6-3 (Groundball, 34, EV 93.8 MPH)
|
| Bottom of the 4th over - 0 runs, 2 hits, 0 errors, 1 left on base; Greenville 1 - Kannapolis 0 |
| TOP OF THE 5TH |
|
Greenville Drive batting - Pitching for Kannapolis Intimidators : RHP Matt Voulgaris
|
|
Batting: RHB Alex Cardenas
|
0-0: Ball 1-0: Called Strike 1-1: Fly out, F8 (Flyball, 89M, EV 83.8 MPH)
|
|
Batting: RHB Bobby Schimke
|
0-0: Ball 1-0: SINGLE (Groundball, 4MS, EV 75.0 MPH) (infield hit)
|
|
Batting: RHB Ted Emmerich
|
0-0: Ball 1-0: Ball 2-0: Ball 3-0: Base on Balls Bobby Schimke to second
|
|
Batting: RHB Roger Mitchell
|
0-0: Called Strike 0-1: Swinging Strike 0-2: Strikes out looking
|
|
Batting: RHB Tony Nunez
|
0-0: Called Strike 0-1: Fly out, F7 (Flyball, 78S, EV 93.8 MPH)
|
| Top of the 5th over - 0 runs, 1 hit, 0 errors, 2 left on base; Greenville 1 - Kannapolis 0 |
| BOTTOM OF THE 5TH |
|
Kannapolis Intimidators batting - Pitching for Greenville Drive : RHP Teruhiko Ushijima
|
|
Batting: RHB Armando Vazquez
|
0-0: TRIPLE (Line Drive, 78XD, EV 104.4 MPH)
|
|
Batting: SHB Jose Castillo
|
0-0: Swinging Strike 0-1: Called Strike 0-2: Strikes out swinging
|
|
Batting: RHB Jose Marquez
|
0-0: Ball Passed Ball! Armando Vazquez scores 1-0: SINGLE (Line Drive, 89S, EV 87.5 MPH)
|
|
Batting: RHB Dunlang Clark
|
0-0: Ball Wild Pitch! Jose Marquez to second 1-0: Ground out 6-3 (Groundball, 6, EV 101.2 MPH)
|
|
Batting: RHB Tatsunori Hayakawa
|
0-0: Called Strike 0-1: Ball 1-1: Ball 2-1: Foul Ball, location: 2F 2-2: Ball 3-2: Base on Balls
|
|
Batting: RHB Mike Warzecha
|
0-0: Called Strike 0-1: Ball 1-1: Called Strike 1-2: Ball 2-2: SINGLE (Line Drive, 34D, EV 93.8 MPH) Jose Marquez to third Tatsunori Hayakawa to second
|
|
Batting: RHB Mark Jones
|
0-0: Called Strike 0-1: Foul Ball, location: 2F 0-2: Ball 1-2: Foul Ball, location: 2F 1-2: Foul Ball, location: 2F 1-2: Foul Ball, location: 2F 1-2: Ball 2-2: Fielders Choice at 2nd, 6-4 (Groundball, 56, EV 85.0 MPH)
|
| Bottom of the 5th over - 1 run, 3 hits, 0 errors, 3 left on base; Greenville 1 - Kannapolis 1 |
| TOP OF THE 6TH |
|
Greenville Drive batting - Pitching for Kannapolis Intimidators : RHP Matt Voulgaris
|
|
Batting: SHB Robert Soto
|
0-0: Ball 1-0: Foul Ball, location: 2F 1-1: Ground out U3 (Groundball, 34, EV 83.8 MPH)
|
|
Batting: LHB Carlos Guerra
|
0-0: Called Strike 0-1: Foul Ball, location: 2F 0-2: Strikes out swinging
|
|
Batting: RHB Jim Hubbard
|
0-0: Ball 1-0: Called Strike 1-1: Ball 2-1: Swinging Strike 2-2: Strikes out swinging
|
| Top of the 6th over - 0 runs, 0 hits, 0 errors, 0 left on base; Greenville 1 - Kannapolis 1 |
| BOTTOM OF THE 6TH |
|
Kannapolis Intimidators batting - Pitching for Greenville Drive : RHP Teruhiko Ushijima
|
|
Batting: LHB Herkko Haavikko
|
0-0: Called Strike 0-1: Ball 1-1: Ball 2-1: Called Strike 2-2: Ball 3-2: Foul Ball, location: 2F 3-2: Foul Ball, location: 2F 3-2: Base on Balls
|
|
Batting: RHB Nick Kleckner
|
0-0: Ball 1-0: Ball 2-0: Ball 3-0: Base on Balls Herkko Haavikko to second
|
|
Batting: RHB Armando Vazquez
|
0-0: Ball 1-0: Grounds into double play, 6-4-3 (Groundball, 56, EV 105.0 MPH) Herkko Haavikko to third
|
|
Batting: SHB Jose Castillo
|
0-0: Foul Ball, location: 2F 0-1: Foul Ball, location: 2F 0-2: Strikes out looking
|
| Bottom of the 6th over - 0 runs, 0 hits, 0 errors, 1 left on base; Greenville 1 - Kannapolis 1 |
| TOP OF THE 7TH |
|
Greenville Drive batting - Pitching for Kannapolis Intimidators : RHP Matt Voulgaris
|
|
Batting: LHB Eddie Contreras
|
0-0: SINGLE (Line Drive, 78M, EV 94.4 MPH)
|
|
Batting: RHB Alex Cardenas
|
0-0: Fielders Choice at 2nd, 5-4 (Groundball, 56, EV 76.2 MPH)
|
|
Batting: RHB Bobby Schimke
|
0-0: Ball 1-0: Called Strike 1-1: Foul Ball, location: 2F 1-2: Ball 2-2: Fly out, F9 (Flyball, 89M, EV 88.1 MPH)
|
|
Batting: RHB Ted Emmerich
|
0-0: Called Strike 0-1: Ball 1-1: Foul Ball, location: 2F 1-2: Strikes out swinging
|
| Top of the 7th over - 0 runs, 1 hit, 0 errors, 1 left on base; Greenville 1 - Kannapolis 1 |
| BOTTOM OF THE 7TH |
|
Kannapolis Intimidators batting - Pitching for Greenville Drive : RHP Teruhiko Ushijima
|
|
Batting: RHB Jose Marquez
|
0-0: Ball 1-0: Foul Ball, location: 2F 1-1: Ball 2-1: Ball 3-1: Called Strike 3-2: Strikes out swinging
|
|
Batting: RHB Dunlang Clark
|
0-0: Called Strike 0-1: Fly out, F4 (Line Drive, 4, EV 68.8 MPH)
|
|
Batting: RHB Tatsunori Hayakawa
|
0-0: Called Strike 0-1: Ball 1-1: Called Strike 1-2: Ball 2-2: Ball 3-2: Strikes out swinging
|
| Bottom of the 7th over - 0 runs, 0 hits, 0 errors, 0 left on base; Greenville 1 - Kannapolis 1 |
| TOP OF THE 8TH |
|
Greenville Drive batting - Pitching for Kannapolis Intimidators : RHP Matt Voulgaris
|
|
Pinch Hitting: LHB Danny Montoya
|
0-0: Called Strike 0-1: SOLO HOME RUN (Line Drive, 9LD, EV 95.0 MPH), Distance : 328 ft
|
|
Batting: RHB Tony Nunez
|
0-0: TRIPLE (Flyball, 89XD, EV 106.9 MPH)
|
|
Batting: SHB Robert Soto
|
0-0: Ball 1-0: Swinging Strike 1-1: Foul Ball, location: 2F 1-2: Ball 2-2: Ball 3-2: Foul Ball, location: 2F 3-2: SINGLE (Groundball, 6MD, EV 96.2 MPH) Tony Nunez scores
|
|
Batting: LHB Carlos Guerra
|
0-0: Ball 1-0: Foul Ball, location: 2F 1-1: Called Strike 1-2: Foul Ball, location: 2F 1-2: Ball 2-2: Fielders Choice at 2nd, 4-6 (Groundball, 4, EV 93.8 MPH)
|
|
Pitching: RHP Dicky Goedhart
|
|
|
Batting: RHB Jim Hubbard
|
0-0: Called Strike 0-1: Ball 1-1: Ball 2-1: Swinging Strike 2-2: Strikes out swinging
|
|
Batting: LHB Eddie Contreras
|
0-0: Called Strike Carlos Guerra is caught stealing 2nd base 2-6
|
| Top of the 8th over - 2 runs, 3 hits, 0 errors, 0 left on base; Greenville 3 - Kannapolis 1 |
| BOTTOM OF THE 8TH |
|
Kannapolis Intimidators batting - Pitching for Greenville Drive : RHP Teruhiko Ushijima
|
|
Pitching: LHP Jason Salzer
|
|
|
Now at 2B: Bobby Schimke
|
|
|
Now at SS: Adugna Chandu
|
|
|
Batting: RHB Mike Warzecha
|
0-0: Called Strike 0-1: Fly out, F8 (Flyball, 8RD, EV 103.1 MPH)
|
|
Batting: RHB Mark Jones
|
0-0: Called Strike 0-1: Ball 1-1: Ground out 6-3 (Groundball, 56, EV 81.9 MPH)
|
|
Pinch Hitting: RHB Duncan Collins
|
0-0: Called Strike 0-1: Ball 1-1: Swinging Strike 1-2: Ball 2-2: Ball 3-2: Strikes out swinging
|
| Bottom of the 8th over - 0 runs, 0 hits, 0 errors, 0 left on base; Greenville 3 - Kannapolis 1 |
| TOP OF THE 9TH |
|
Greenville Drive batting - Pitching for Kannapolis Intimidators : RHP Dicky Goedhart
|
|
Now in RF: Duncan Collins
|
|
|
Batting: LHB Eddie Contreras
|
0-0: SINGLE (Groundball, 4D, EV 97.5 MPH)
|
|
Batting: RHB Alex Cardenas
|
0-0: Called Strike 0-1: Swinging Strike 0-2: Strikes out swinging
|
|
Batting: RHB Bobby Schimke
|
0-0: Called Strike 0-1: SINGLE (Line Drive, 9S, EV 95.0 MPH) Eddie Contreras to second
|
|
Batting: RHB Ted Emmerich
|
0-0: Called Strike 0-1: Swinging Strike 0-2: Foul Ball, location: 2F 0-2: Ball 1-2: Ball 2-2: SINGLE (Groundball, 4S, EV 67.5 MPH) (infield hit) Eddie Contreras to third Bobby Schimke to second
|
|
Batting: RHB Adugna Chandu
|
0-0: Ball 1-0: Ball 2-0: Ball 3-0: Base on Balls Eddie Contreras scores Bobby Schimke to third Ted Emmerich to second
|
|
Batting: RHB Tony Nunez
|
0-0: Ball 1-0: Fly out, F8 (Flyball, 8RM, EV 89.4 MPH)
|
|
Batting: SHB Robert Soto
|
0-0: Swinging Strike 0-1: Called Strike 0-2: Ball 1-2: Strikes out swinging
|
| Top of the 9th over - 1 run, 3 hits, 0 errors, 3 left on base; Greenville 4 - Kannapolis 1 |
| BOTTOM OF THE 9TH |
|
Kannapolis Intimidators batting - Pitching for Greenville Drive : LHP Jason Salzer
|
|
Pitching: RHP Ross Ratcliffe
|
|
|
Batting: RHB Nick Kleckner
|
0-0: Ball 1-0: Ball 2-0: Ball 3-0: Called Strike 3-1: Foul Ball, location: 2F 3-2: Base on Balls
|
|
Batting: RHB Armando Vazquez
|
0-0: Foul Ball, location: 2F Pickoff Throw to First - Out! 1-3 CS 0-1: Foul Ball, location: 2F 0-2: Ground out 4-3 (Groundball, 4, EV 109.4 MPH)
|
|
Batting: SHB Jose Castillo
|
0-0: Ball 1-0: Fly out, F4 (Flyball, 4D, EV 90.6 MPH)
|
| Bottom of the 9th over - 0 runs, 0 hits, 0 errors, 0 left on base; Greenville 4 - Kannapolis 1 |
|